 Dungeon Crawl Stone Soup version 0.19-a0-1908-g43c011f (webtiles) character file.

389 Naow the Conjurer (level 6, -2/32 HPs)
             Began as a Deep Elf Conjurer on Oct 22, 2016.
             Slain by an ogre
             ... wielding a cursed -1 giant club
              (25 damage)
             ... on level 5 of the Dungeon.
             The game lasted 00:06:16 (2969 turns).

Naow the Conjurer (Deep Elf Conjurer)               Turns: 2969, Time: 00:06:16

Health: -2/32      AC:  4    Str:  6    XL:     6   Next: 49%
Magic:  4/17       EV: 13    Int: 21    God:
Gold:   186        SH:  0    Dex: 15    Spells: 3 memorised, 7 levels left

rFire  . . .     SeeInvis .     (no weapon)
rCold  . . .     Gourm    .     q - +1 robe {rN+}
rNeg   + . .     Faith    .     (no shield)
rPois  .         Spirit   .     (no helmet)
rElec  .         Reflect  .     h - +0 cloak
rCorr  .         Harm     .     (no gloves)
MR     .....                    (no boots)
Stlth  ++........               (no amulet)
                                (no ring)
                                o - ring of flight

@: no status effects
A: no striking features
a: Evoke Flight


You were on level 5 of the Dungeon.
You were not hungry.

You visited 1 branch of the dungeon, and saw 5 of its levels.

You collected 186 gold pieces.

Inventory:

Armour
 a - a +0 robe
 h - a +0 cloak (worn)
 q - a +1 robe of positive energy (worn)
Jewellery
 o - a ring of flight (left hand)
 x - a +4 ring of intelligence {unknown}
Wands
 t - a wand of digging (9/24)
 v - a wand of iceblast (5/15)
Scrolls
 f - a scroll of amnesia {unknown}
 j - 5 scrolls of remove curse {unknown}
 l - 5 scrolls of identify {unknown}
 p - a scroll of enchant weapon {unknown}
 r - a scroll of noise {unknown}
Potions
 e - a potion of beneficial mutation {unknown}
 i - 2 potions of heal wounds {unknown}
 k - a potion of lignification {unknown}
 m - 2 potions of resistance {unknown}
 n - 2 potions of curing {unknown}
 s - a potion of cancellation {unknown}
 u - a potion of degeneration {unknown}
 w - a potion of might {unknown}
Books
 b - a book of Conjurations

   Spells                             Type                      Level
   a - Magic Dart                     Conjuration                  1
   b - Searing Ray                    Conjuration                  2
   c - Dazzling Spray                 Conjuration/Hexes            3
   d - Fulminant Prism                Conjuration/Hexes            4
   e - Iskenderun's Mystic Blast      Conjuration                  4
   f - Iskenderun's Battlesphere      Conjuration/Charms           5
Comestibles
 c - 4 bread rations
 d - a fruit
 g - a meat ration


   Skills:
 - Level 2.4 Dodging
 - Level 2.4 Stealth
 + Level 6.3 Spellcasting
 + Level 6.5 Conjurations
 * Level 3.6 Charms


You had 7 spell levels left.
You knew the following spells:

 Your Spells              Type           Power        Failure   Level  Hunger
a - Magic Dart            Conj           ####         1%          1    None
b - Iskenderun's Battles  Conj/Chrm      ####....     34%         5    #####..
c - Iskenderun's Mystic   Conj           ####....     8%          4    ###....


Dungeon Overview and Level Annotations

Branches:
Dungeon (5/15)
 Temple: D:4-7

Altars:
Kikubaaqudgha
Zin

Annotations:
D:4 Naow's ghost, amateur FoFi; Pikel


Message History

The magic dart hits the ogre.
The ogre is heavily wounded.
Casting: Magic Dart
Confirm with . or Enter, or press ? or * to list all spells.
Aiming: Iskenderun's Mystic Blast
Press: ? - help, Shift-Dir - straight line, f/p - ogre
Aim: an ogre, wielding a giant club (moderately wounded)
The orb of energy hits the ogre.
The ogre is heavily wounded.
The orb of energy explodes!
The ogre hits you with a giant club!
Casting: Iskenderun's Mystic Blast
Confirm with . or Enter, or press ? or * to list all spells.
Aiming: Iskenderun's Mystic Blast
Press: ? - help, Shift-Dir - straight line, f/p - ogre
Aim: an ogre, wielding a giant club (heavily wounded)
The orb of energy hits the ogre.
The ogre is almost dead.
The orb of energy explodes!
The ogre hits you with a giant club!!
Ouch! That really hurt!
You die...

. .# #####.#
###).<..# #.....###
#.###.# #.# #.#
#O###.#### ##+##
#.@......# ##...#
###..###.# ##.....
#..#.#.####......
.###................
.....................
#####.#....##........
#.##...##.#.>....
#.###..##.##..... #..
......###...#


You could see an ogre.

Vanquished Creatures
  A slave (D:4)
  A black bear (D:3)
  An ogre (D:3)
  An orc priest (D:3)
  Jessica (D:2)
  An orc wizard (D:5)
  4 adders
  A gnoll (D:1)
  A worm (D:2)
  A dart slug (D:1)
  3 leopard geckos
  9 orcs
  A giant cockroach (D:1)
  7 goblins
  10 hobgoblins
  6 jackals
  4 kobolds
  A quokka (D:2)
  A ball python (D:1)
  8 bats
  6 frilled lizards
  6 rats
75 creatures vanquished.

Notes
Turn   | Place    | Note
-------+----------+-------------------------------------------
     0 | D:1      | Naow the Deep Elf Conjurer began the quest for the Orb.
     0 | D:1      | Reached XP level 1. HP: 10/10 MP: 6/6
   235 | D:1      | Reached XP level 2. HP: 15/15 MP: 5/8
   519 | D:1      | Reached skill level 5 in Conjurations
   639 | D:1      | Reached XP level 3. HP: 19/19 MP: 5/10
  1090 | D:2      | Reached XP level 4. HP: 24/24 MP: 7/12
  1160 | D:2      | Noticed Jessica
  1165 | D:2      | Killed Jessica
  1261 | D:2      | Reached skill level 5 in Spellcasting
  1412 | D:3      | Noticed a black bear
  1418 | D:3      | Killed a black bear
  1418 | D:3      | Reached XP level 5. HP: 28/28 MP: 8/15
  1425 | D:3      | Learned a level 5 spell: Iskenderun's Battlesphere
  1594 | D:3      | Found a glowing silver altar of Zin.
  1613 | D:3      | Reached skill level 1 in Charms
  1629 | D:3      | Noticed an ogre
  1716 | D:3      | Killed an ogre
  1716 | D:3      | Reached XP level 6. HP: 32/32 MP: 4/17
  1722 | D:3      | Learned a level 4 spell: Iskenderun's Mystic Blast
  1792 | D:3      | Found an ancient bone altar of Kikubaaqudgha.
  2454 | D:4      | Noticed Naow's ghost (amateur FoFi)
  2687 | D:4      | Noticed a slave
  2698 | D:4      | Noticed a slave
  2699 | D:4      | Killed a slave
  2700 | D:4      | Noticed Pikel
  2700 | D:4      | Noticed a slave
  2702 | D:4      | Noticed a slave
  2852 | D:5      | Entered Level 5 of the Dungeon
  2969 | D:5      | Slain by an ogre

Vault maps used:
D:1:      dpeg_arrival_orchard, corexii_item_surrounded_by_moat
D:2:      serial_bayou, serial_bayou_lagoon_a, serial_bayou_lagoon_b,
          serial_bayou_crossing, serial_bayou_shore_a, uniq_jessica
D:3:      nicolae_overflow_crystal_walls, old_standard_altar
D:4:      kennysheep_mini, nicolae_ru_awakened_eye, first_bread, uniq_pikel
D:5:      lemuel_coloured_pillars_altar, elyvilon_altar_4,
          minmay_misc_feat_hallway

Skill      XL: |  1  2  3  4  5 |
---------------+----------------+-----
Conjurations   | 5 6 |  6.5
Spellcasting   | 4 5 6 |  6.3
Charms         | 3 |  3.6
Dodging        | |  2.4
Stealth        | |  2.4

Action                   |  1- 3 |  4- 6 || total
-------------------------+-------+-------++-------
Melee: Unarmed           |     2 |       ||     2
 Cast: Magic Dart        |    67 |    91 ||   158
       Iskenderun's Myst |       |     4 ||     4
       Iskenderun's Batt |       |     1 ||     1
  Eat: Chunk             |       |     6 ||     6
       Fruit             |       |     1 ||     1
Armor: Robe              |     1 |       ||     1
Dodge: Dodged            |     3 |     4 ||     7
